 Dungeon Crawl Stone Soup version 0.22.1-2-g9c5b331 (webtiles) character file.

64 Selgatrox the Poker (level 4, -4/34 HPs)
             Began as a Merfolk Skald on Dec 5, 2018.
             Engulfed by a cloud of flame (18 damage)
             ... on level 3 of the Dungeon.
             The game lasted 00:12:41 (1778 turns).

Selgatrox the Poker (Merfolk Skald)                 Turns: 1778, Time: 00:12:41

Health: -4/34      AC:  3    Str: 11    XL:     4   Next: 12%
Magic:  7/7        EV: 13    Int: 12    God:
Gold:   75         SH:  0    Dex: 14    Spells: 6/7 levels left

rFire    . . .     SeeInvis .   a - +0 spear
rCold    . . .     Gourm    .   (no shield)
rNeg     . . .     Faith    .   b - +0 leather armour
rPois    .         Spirit   .   (no helmet)
rElec    .         Reflect  .   (no cloak)
rCorr    .         Harm     .   (no gloves)
MR       .....                  (no boots)
Stlth    ++........             (no amulet)
HPRegen  0.11/turn              i - ring of stealth
MPRegen  0.10/turn              j - ring of wizardry

@: no status effects
A: change form in water, swift swim, stealthy swim
a: no special abilities


You were on level 3 of the Dungeon.
You were not hungry.

You visited 1 branch of the dungeon, and saw 3 of its levels.

You collected 75 gold pieces.

Inventory:

Hand Weapons
 a - a +0 spear (weapon)
 l - a +0 blowgun
Missiles
 m - 25 poisoned needles
Armour
 b - a +0 leather armour (worn)
 o - a +0 shield
Jewellery
 i - a ring of stealth (left hand)
 j - a ring of wizardry (right hand)
Scrolls
 c - a scroll of identify
 e - 2 scrolls of blinking
 h - 3 scrolls of remove curse {unknown}
 n - a scroll of fog {unknown}
Potions
 f - a potion of heal wounds {unknown}
 g - 2 potions of flight {unknown}
 k - 2 potions of cancellation {unknown}
Comestibles
 d - 4 rations


   Skills:
 + Level 2.4 Fighting
 + Level 4.8 Polearms
 + Level 1.0 Armour
 + Level 3.3 Dodging
 + Level 0.3 Stealth
 + Level 2.1 Spellcasting
 + Level 3.5 Charms


You had 6 spell levels left.
You knew the following spells:

 Your Spells              Type           Power        Failure   Level  Hunger
a - Infusion              Chrm           #...         3%          1    ##.....

Your spell library contained the following spells:

 Spells                   Type           Power        Failure   Level  Hunger
 Song of Slaying          Chrm           #.......     4%          2    ###....
 Shroud of Golubria       Chrm/Tloc      #.........   11%         2    ###....
 Regeneration             Chrm/Necr      #.........   21%         3    ####...
 Spectral Weapon          Hex/Chrm       #.......     21%         3    ####...


Dungeon Overview and Level Annotations

Branches:
Dungeon (3/15)

Altars:
Ashenzari
Dithmenos
Elyvilon
Ru


Message History

m - 25 poisoned needles (gained 12)
You see here a giant cockroach corpse.
Found 12 stones.
Found a shield.
A hobgoblin comes into view. It is wielding a club.
Found 11 gold pieces.
You see here a shield.
o - a shield Really walk into a travel-excluded area?
Okay, then.
Really walk into a travel-excluded area? [Y]es or [N]o only, please.
Really walk into a travel-excluded area?
A giant cockroach comes into view.
Found 23 stones.
A frilled lizard comes into view.
You are engulfed in blazing flames.
You are engulfed in blazing flames.
Ouch! That really hurt!
You die...

... ... §§# #.#
#.# ######...##
#.# #.#
##.§@§g....§ #.#
#(# #..§§§s...l§
#.####.#
###..§§§..$..§
.......#
#...#####...##
#.##.#.####.###
§§§#
#.##........#
§§#
.......####...#
§#
#...........#.#
.#
###########.....


You could see a giant cockroach, a hobgoblin (sleeping) and a frilled lizard
(sleeping).

Vanquished Creatures
  2 adders (D:2)
  An ooze (D:2)
  2 worms (D:2)
  A dart slug (D:1)
  A leopard gecko (D:2)
  3 bats
  2 giant cockroaches
  4 hobgoblins
  A quokka (D:2)
  2 ball pythons (D:1)
  4 frilled lizards
  4 goblins
  4 kobolds
  6 rats
37 creatures vanquished.

Notes
Turn   | Place    | Note
-------+----------+-------------------------------------------
     0 | D:1      | Selgatrox the Merfolk Skald began the quest for the Orb.
     0 | D:1      | Reached XP level 1. HP: 16/16 MP: 3/3
   224 | D:1      | Reached XP level 2. HP: 16/22 MP: 0/5
   545 | D:2      | Found a faded altar of an unknown god.
   647 | D:2      | Reached skill level 4 in Polearms
   647 | D:2      | Reached XP level 3. HP: 12/27 MP: 6/6
   832 | D:2      | Reached skill level 1 in Armour
  1536 | D:3      | Found a shattered altar of Ashenzari.
  1540 | D:3      | Reached XP level 4. HP: 27/34 MP: 7/7
  1635 | D:3      | Found a white marble altar of Elyvilon.
  1692 | D:3      | Found a sacrificial altar of Ru.
  1693 | D:3      | Found a shadowy altar of Dithmenos.
  1778 | D:3      | Engulfed by a cloud of flame

Skill      XL: |  1  2  3 |
---------------+----------+-----
Dodging        | 3 |  3.3
Polearms       | 4 |  4.8
Armour         | 1 |  1.0
Fighting       | |  2.4
Stealth        | |  0.3
Spellcasting   | |  2.1
Charms         | |  3.5

Action                   |  1- 3 |  4- 6 || total
-------------------------+-------+-------++-------
Melee: Spear             |   107 |    26 ||   133
 Cast: Infusion          |    12 |       ||    12
  Use: Scroll            |     3 |       ||     3
       Potion            |     1 |       ||     1
 Stab: Sleeping          |     4 |     2 ||     6
  Eat: Ration            |     1 |       ||     1
Armor: Leather armour    |    15 |     4 ||    19
Dodge: Dodged            |    66 |    13 ||    79
